 Dungeon Crawl Stone Soup version 0.29-a0-973-gac7da5f7f0 (webtiles) character file.

Game seed: 8723328815478391338

1311 vurker the Fighter (level 8, -1/60 (74) HPs)
             Began as a Minotaur Enchanter on July 31, 2022.
             Was a Follower of Makhleb.
             Killed by divine providence
             ... invoked by an orc priest
              (11 damage)
             ... on level 6 of the Dungeon.
             The game lasted 00:10:20 (7215 turns).

vurker the Fighter (Minotaur Enchanter)             Turns: 7215, Time: 00:10:21

HP:   -1/60 (74)    AC: 13    Str: 15    XL:     8   Next: 32%
MP:   0/9           EV:  8    Int: 12    God:    Makhleb [*.....]
Gold: 237           SH:  0    Dex: 11    Spells: 9/9 levels left

rFire   + . .      SeeInvis .   s - +0 battleaxe
rCold   . . .      Faith    .   (shield currently unavailable)
rNeg    . . .      Spirit   +   k - +2 chain mail {rF+}
rPois   .          Reflect  .   (helmet restricted)
rElec   .          Harm     .   (no cloak)
rCorr   .          Rampage  .   o - +0 pair of gloves
Will    .....                   (no boots)
Stlth   ..........              e - amulet of guardian spirit
HPRegen 0.20/turn               (no ring)
MPRegen 0.11/turn               (no ring)

@: heavily drained
A: horns 2, retaliatory headbutt
a: Renounce Religion


You were on level 6 of the Dungeon.
You worshipped Makhleb.
Makhleb was aware of your devotion.
You visited 2 branches of the dungeon, and saw 7 of its levels.

You collected 263 gold pieces.
You spent 26 gold pieces at shops.

Inventory:

Hand Weapons
 a - a +2 dagger of freezing
 s - a +0 battleaxe (weapon)
   (You took it off a wight on level 5 of the Dungeon)
Armour
 k - a +2 chain mail of fire resistance (worn)
   (You found it on level 5 of the Dungeon)
 o - a +0 pair of gloves (worn)
   (You found it on level 3 of the Dungeon)
 r - a +0 plate armour
   (You found it on level 6 of the Dungeon)
Jewellery
 e - an amulet of guardian spirit (around neck)
   (You found it on level 4 of the Dungeon)
Wands
 b - a wand of polymorph (6)
   (You found it on level 5 of the Dungeon)
 v - a wand of digging (4)
   (You took it off Ijyb on level 3 of the Dungeon)
Scrolls
 d - a scroll of blinking
 g - a scroll of enchant weapon
 i - 2 scrolls of immolation
 m - 3 scrolls of teleportation
 p - a scroll of brand weapon
Potions
 c - 2 potions of invisibility
 f - a potion of heal wounds
 h - a potion of resistance
 j - 3 potions of curing
 l - 4 potions of ambrosia
 n - 3 potions of mutation
 q - a potion of haste {unknown}


   Skills:
 + Level 8.0 Fighting
 - Level 1.1 Short Blades
 * Level 0.0 Axes
 + Level 5.5 Armour
 + Level 5.5 Dodging
 - Level 2.4 Stealth
 - Level 1.3 Spellcasting
 - Level 2.0 Hexes
 + Level 3.0 Invocations


You had 9 spell levels left.
You didn't know any spells.
Your spell library contained the following spells:

 Spells                   Type           Power      Damage    Failure   Level
 Apportation              Tloc           0%         N/A       99%         1
 Magic Dart               Conj           0%         1d3       99%         1
 Necrotise                Necr           0%         1d4       99%         1
 Summon Small Mammal      Summ           0%         N/A       99%         1
 Ensorcelled Hibernation  Hex/Ice        6%         N/A       99%         2
 Call Imp                 Summ           0%         N/A       100%        2
 Confusing Touch          Hex            5%         N/A       100%        3
 Dazzling Flash           Conj/Hex       6%         N/A       100%        3
 Mephitic Cloud           Conj/Pois/Air  0%         N/A       100%        3
 Tukima's Dance           Hex            5%         N/A       100%        3
 Alistair's Intoxication  Tmut/Pois      0%         N/A       100%        5


Dungeon Overview and Level Annotations

Branches:
Dungeon (6/15)             Temple (1/1) D:5

Altars:
Ashenzari
Cheibriados
Dithmenos
Elyvilon
Fedhas
Gozag
Hepliaklqana
Makhleb
Nemelex Xobeh
Qazlal
Ru
Sif Muna
Trog
Uskayaw
Vehumet
Wu Jian
Xom
Yredelemnul
Zin
The Shining One

Shops:
D:2 ?*   D:4 ?


Innate Abilities, Weirdness & Mutations

You have a pair of horns on your head.
You reflexively headbutt those who attack you in melee.


Message History

You start resting.
You start resting.
Okay, then.
You climb downwards.
You hear the sound of rushing water.
There is an entrance to a sewer on this level.
Hurry and find it before the portal rusts away!
The walls and floor vibrate strangely for a moment.
The scorpion closely misses you.
The wight hits you with a +2 great sword!
The wight hits you but does no damage. x2
The scorpion stings you but does no damage.
The wight hits you with a +0 battleaxe! The wight barely misses you.
You furiously retaliate!
You headbutt the wight!
The wight hits you from afar with a +5 halberd.
You feel drained.
The orc priest looks encouraged for a moment.
There is a stone staircase leading up, spattered with blood here.
Your +2 dagger of freezing stops glowing.
s - a +0 battleaxe (weapon)
The scorpion stings you but does no damage.
You hit the wight but do no damage.
You headbutt the wight, but do no damage.
You barely miss the scorpion. You hit the wight.
The wight hits you with a +2 great sword.
The wight hits you but does no damage.
The wight hits you from afar with a +5 halberd!
* * * LOW HITPOINT WARNING * * *
You feel drained.
* * * LOW HITPOINT WARNING * * *
The scorpion stings you but does no damage.
The wight barely misses you.
The wight hits you with a +2 great sword.
* * * LOW HITPOINT WARNING * * *
You feel drained.
The wight hits you from afar with a +5 halberd!
* * * LOW HITPOINT WARNING * * *
You feel drained.
* * * LOW HITPOINT WARNING * * *
The scorpion stings you but does no damage.
Unknown command.
Unknown command.
The scorpion stings you but does no damage.
The wight hits you with a +0 battleaxe!
* * * LOW HITPOINT WARNING * * *
You feel drained.
* * * LOW HITPOINT WARNING * * *
The wight barely misses you. The wight hits you but does no damage.
The orc priest calls down the wrath of Beogh upon you.
Beogh smites you!
You die...

..
..#...
.. .....
.###....
o.....
.#..#
#zo.##
#zzs.##
#@[..#
##....#
#.#.#
....#
... ?..#
###


You could see a scorpion, 3 wights, an orc priest and an orc.

Vanquished Creatures
  2 black bears (D:4)
  An ice beast (D:6)
  A bullfrog (D:5)
  3 scorpions
  5 wights (D:5)
  2 orc priests
  4 hounds (D:5)
  2 orc wizards (D:5)
  Ijyb (D:3)
  4 iguanas
  9 adders
  A white imp (D:5)
  An ufetubus (D:4)
  2 worms
  2 dart slugs
  13 orcs
  6 ball pythons
  2 bats
  3 endoplasms
  6 giant cockroaches
  4 goblins
  5 hobgoblins
  4 jackals (D:4)
  6 kobolds
  5 quokkas
  6 frilled lizards
  9 rats
109 creatures vanquished.

Vanquished Creatures (others)
  A demonic plant (D:1)
  23 plants (D:5)
24 creatures vanquished.

Grand Total: 133 creatures vanquished

Notes
Turn   | Place    | Note
-------+----------+-------------------------------------------
     0 | D:1      | vurker the Minotaur Enchanter began the quest for the Orb.
     0 | D:1      | Reached XP level 1. HP: 14/14 MP: 1/1
    54 | D:1      | Found a faded altar of an unknown god.
   200 | D:1      | Reached skill level 1 in Fighting
   231 | D:1      | Reached XP level 2. HP: 20/23 MP: 3/3
   348 | D:1      | Reached skill level 1 in Armour
   648 | D:1      | Reached skill level 2 in Fighting
  1018 | D:2      | Reached XP level 3. HP: 30/30 MP: 4/4
  1316 | D:2      | Found Tyora's Magic Scroll Boutique.
  1334 | D:2      | Bought a scroll of identify for 26 gold pieces
  1392 | D:2      | Reached skill level 3 in Fighting
  1392 | D:2      | Reached XP level 4. HP: 30/38 MP: 5/5
  1556 | D:2      | Found Wasot's Assorted Antiques.
  2040 | D:3      | Noticed Ijyb
  2075 | D:3      | Killed Ijyb
  2629 | D:3      | Reached skill level 4 in Fighting
  2629 | D:3      | Reached XP level 5. HP: 21/46 MP: 6/6
  3164 | D:4      | Found Wefo's Magic Scroll Boutique.
  3176 | D:4      | Noticed a black bear
  3187 | D:4      | Killed a black bear
  3459 | D:4      | Reached skill level 5 in Fighting
  3459 | D:4      | Reached XP level 6. HP: 56/56 MP: 7/7
  4072 | D:4      | Found a faded altar of an unknown god.
  4072 | D:4      | Found a bloodstained altar of Trog.
  4079 | D:4      | Found a faded altar of an unknown god.
  4081 | D:4      | Found a glowing golden altar of the Shining One.
  4083 | D:4      | Found a hide-covered altar of Uskayaw.
  4841 | D:5      | Entered Level 5 of the Dungeon
  4914 | D:5      | Found a staircase to the Ecumenical Temple.
  4924 | Temple   | Entered the Ecumenical Temple
  5100 | Temple   | Became a worshipper of Makhleb the Destroyer
  5364 | D:5      | Reached skill level 6 in Fighting
  5393 | D:5      | Reached XP level 7. HP: 56/63 MP: 8/8
  5411 | D:5      | Reached skill level 1 in Invocations
  6294 | D:6      | Reached skill level 7 in Fighting
  6294 | D:6      | Reached skill level 5 in Dodging
  6486 | D:5      | Reached skill level 5 in Armour
  6505 | D:5      | Reached * piety under Makhleb
  6506 | D:5      | Reached XP level 8. HP: 27/71 MP: 7/9
  6958 | D:5      | Reached skill level 8 in Fighting
  7215 | D:6      | Killed from afar by an orc priest

Illustrated notes

Levels and vault maps discovered:
D:1:      ncdulo_watergridlock, layout_loops_ring, shapermc_ecumenical_altar_gd
D:2:      layout_loops_ring, serial_shops,
          nicolae_shop_competitors_out_of_business, shop,
          kennysheep_generic_room_13
D:3:      layout_basic, uniq_ijyb
D:4:      layout_layer_cave, chequers_temple_overflow_minitemple, serial_shops,
          nicolae_shop_crystal
D:5:      layout_loops_ring, minmay_temple_entry_trees, serial_bayou,
          serial_bayou_shore_a, serial_bayou_shore_b, serial_bayou_lagoon_a,
          serial_bayou_pond_e, serial_bayou_pond_e, serial_bayou_pond_a,
          st_stairs_8
D:6:      layout_rooms, gammafunk_ghost_nasty_kobolds,
          cheibrodos_sewer_entry_bend, grunt_decor_junction,
          kennysheep_windowed_goal
Temple:   bh_familiar_temple

Skill      XL: |  1  2  3  4  5  6  7  8 |
---------------+-------------------------+-----
Fighting       | 1 2 3 4 5 6 7 8 |  8.0
Armour         | 1 2 3 4 5 |  5.5
Dodging        | 3 4 5 |  5.5
Invocations    | 2 3 |  3.0
Short Blades   | |  1.1
Stealth        | |  2.4
Spellcasting   | |  1.3
Hexes          | |  2.0

Action                   |  1- 3 |  4- 6 |  7- 9 || total
-------------------------+-------+-------+-------++-------
Melee: Dagger            |   106 |   182 |   168 ||   456
       Headbutt          |    15 |    27 |    39 ||    81
       Punch             |       |     2 |     2 ||     4
       Battleaxe         |       |       |     1 ||     1
  Use: Scroll            |     5 |    13 |       ||    18
       Potion            |       |     1 |       ||     1
 Stab: Sleeping          |     5 |       |       ||     5
Armor: Robe              |    19 |       |       ||    19
       Ring mail         |     9 |    10 |       ||    19
       Scale mail        |       |    70 |       ||    70
       Skin              |       |     8 |       ||     8
       Chain mail        |       |    18 |   102 ||   120
Dodge: Dodged            |    58 |    85 |    70 ||   213

Table legend: (Time is in decaauts)
 A = Elapsed time spent in this place.
 B = Non-inter-level travel time spent in this place.
 C = Inter-level travel time spent in this place.
 D = Time resting spent in this place.
 E = Time spent auto-exploring this place.
 F = Levels seen in this place.
 G = Mean time per level.
                   A        B        C        D        E       F      G
               +--------+--------+--------+--------+--------+-----+--------+
         Total |   7210 |   6982 |    228 |   1066 |   4800 |   7 | 1030.0 |
       Dungeon |   6999 |   6795 |    204 |   1066 |   4637 |   6 | 1166.5 |
        Temple |    211 |    187 |     24 |      0 |    163 |   1 |  211.0 |
               +--------+--------+--------+--------+--------+-----+--------+

Top non-repeatable levels by time:
     D:5: 1906 daAuts
     D:4: 1476 daAuts
     D:3: 1359 daAuts
     D:2: 1034 daAuts
     D:1: 962 daAuts
     D:6: 260 daAuts
  Temple: 211 daAuts
